 Dungeon Crawl Stone Soup version 0.29.1-12-g30fa7ad0bf (webtiles) character file.

Game seed: 8666787226903210525

4 hawla the Firebug (level 1, -3/14 HPs)
             Began as a Meteoran Fire Elementalist on Dec 22, 2022.
             Slain by Natasha (7 damage)
             ... on level 3 of the Dungeon.
             The game lasted 00:01:03 (223 turns).

hawla the Firebug (Meteoran Fire Elementalist)       Turns: 223, Time: 00:01:04

Health: -3/14      AC:  3    Str:  9    XL:     1   Next: 85%
Magic:  4/5        EV: 12    Int: 16    God:
Gold:   2          SH:  0    Dex: 14    Spells: 4/5 levels left

rFire   . . .      SeeInvis .   (no weapon)
rCold   . . .      Faith    .   (no shield)
rNeg    . . .      Spirit   .   a - +0 robe
rPois   .          Reflect  .   (no helmet)
rElec   .          Harm     .   c - +0 cloak
rCorr   .          Rampage  .   (no gloves)
Will    .....                   (no boots)
Stlth   +.........              (no amulet)
HPRegen 0.04/turn               (no ring)
MPRegen 0.09/turn               (no ring)

@: very slightly contaminated, glowing
A: sense surroundings 1, otherworldly, glowing, explore regen
a: no special abilities


You were on level 3 of the Dungeon.
You visited 1 branch of the dungeon, and saw 3 of its levels.

You collected 2 gold pieces.

Inventory:

Armour
 a - a +0 robe (worn)
 c - a +0 cloak (worn)
Scrolls
 d - a scroll of identify {unknown}
 f - a scroll of magic mapping {unknown}
Potions
 e - a potion of curing {unknown}


   Skills:
 + Level 2.6 Dodging
 - Level 1.4 Stealth
 + Level 2.8 Spellcasting
 + Level 1.2 Conjurations
 + Level 3.7 Fire Magic


You had 4 spell levels left.
You knew the following spells:

 Your Spells              Type           Power      Damage    Failure   Level
a - Foxfire               Conj/Fire      40%        2x1d6     7%          1

Your spell library contained the following spells:

 Spells                   Type           Power      Damage    Failure   Level
 Scorch                   Fire           28%        2d6       6%          2
 Conjure Flame            Conj/Fire      10%        6-21      21%         3
 Inner Flame              Hex/Fire       8%         N/A       26%         3
 Flame Wave               Conj/Fire      10%        2d6       56%         4


Dungeon Overview and Level Annotations

Branches:
Dungeon (3/15) Zot: 1576

Altars:

Shops:
D:3 ((

Annotations:
D:3 Natasha


Innate Abilities, Weirdness & Mutations

You passively map a small area around you.
You are easily found by Zot.
You glow in the dark.
You regain HP and MP as you explore.


Message History

Natasha is heavily wounded.
The foxfire hits Natasha.
Natasha is heavily wounded.
Casting: Foxfire (safe; 7% risk of failure)
Confirm with . or Enter, or press ? or * to list all spells.
You miscast Foxfire.
You are very lightly contaminated with residual magic.
Nothing appears to happen.
Casting: Foxfire (safe; 7% risk of failure)
Confirm with . or Enter, or press ? or * to list all spells.
You conjure some foxfire!
Natasha barely misses you.
Casting: Foxfire (safe; 7% risk of failure)
Confirm with . or Enter, or press ? or * to list all spells.
You conjure some foxfire!
The foxfire hits Natasha.
Natasha is heavily wounded.
The foxfire hits Natasha.
Natasha is almost dead.
Natasha claws you.
The foxfire hits the shadow imp.
The shadow imp is lightly wounded.
Casting: Foxfire (safe; 7% risk of failure)
Confirm with . or Enter, or press ? or * to list all spells.
You miscast Foxfire.
Nothing appears to happen.
The foxfire hits Natasha but does no damage.
Natasha is almost dead.
Natasha closely misses you.
Unknown command.
You hit Natasha but do no damage.
Natasha is almost dead.
Natasha claws you!
Ouch! That really hurt!
The shadow imp shouts, "Take thy face hence, thou rough-hewn common-kissing clam!"
The shadow imp barely misses you. Magic courses through your body.
Natasha claws you but does no damage. The shadow imp hits you.
* * * LOW HITPOINT WARNING * * *
Casting: Foxfire (safe; 7% risk of failure)
Confirm with . or Enter, or press ? or * to list all spells.
You conjure some foxfire!
Natasha claws you!
Ouch! That really hurt!
You die...

#.*######### ,
#.##.∩.....#
#..........# ,
#.∩.#......#*
...........# #[# , ,
, #....... #.#* , , ,
,, *#.5hv# ,###.#*,,,
, #.v@.# ...... ,
########.###.# #.#
#.......#...# #.# #,
#.##.......## #.#* *
#.##.##.##.##.# #<#
,*
#.......##.##.#####.#
*
####.##.##......[...#
,* ,
#.#.#.#.##.####### ,
#..###)....#


You could see Natasha (ally target) and a shadow imp (summoned, ally target).

Vanquished Creatures
  An endoplasm (D:2)
  A giant cockroach (D:2)
  A quokka (D:2)
3 creatures vanquished.

Vanquished Creatures (others)
  19 foxfires
19 creatures vanquished.

Grand Total: 22 creatures vanquished

Notes
Turn   | Place    | Note
-------+----------+-------------------------------------------
     0 | D:1      | hawla the Meteoran Fire Elementalist began the quest for
                  | the Orb.
     0 | D:1      | Reached XP level 1. HP: 14/14 MP: 5/5
    56 | D:2      | Found a faded altar of an unknown god.
   210 | D:3      | Found Kaxelega's Antique Weapon Boutique.
   212 | D:3      | Found Wovixip's Antique Weapon Emporium.
   212 | D:3      | Noticed Natasha
   223 | D:3      | Slain by Natasha

Illustrated notes

Levels and vault maps discovered:
D:1:      dpeg_arrival_three_bigger_balls, layout_basic, serial_shops,
          nicolae_square_shop
D:2:      layout_basic, nicolae_ecumenical_pavilion, kennysheep_generic_room_16,
          uniq_terence
D:3:      layout_loops_cross, serial_shops, nicolae_lakefront_shop, shop, shop,
          nicolae_shop_stone, shop, ebering_dispersal_statue_hall,
          minmay_misc_feat_secret_circle, serial_bayou_pond_b, chequers_jeans,
          uniq_grinder, uniq_jessica, uniq_natasha, uniq_robin

Action                   || total
-------------------------++-------
Melee: Unarmed           ||     6
 Cast: Foxfire           ||    11
  Use: Potion            ||     1
Armor: Robe              ||     4
Dodge: Dodged            ||     9
